 Dungeon Crawl Stone Soup version 0.30-a0-118-ga018f8e90f (webtiles) character file.

Game seed: 14300388522232038072

305204 Pooter the Severer (level 20, -3/173 HPs)
             Began as a Minotaur Berserker on Sept 12, 2022.
             Was a High Priest of Trog.
             Slain by a vault sentinel
             ... wielding a +0 morningstar
              (4 damage)
             ... on level 4 of the Vaults on Sept 14, 2022.
             The game lasted 05:09:26 (82476 turns).

Pooter the Severer (Minotaur Berserker)            Turns: 82476, Time: 05:09:26

Health: -3/173     AC: 32    Str: 27    XL:     20   Next: 28%
Magic:  0/19       EV: 13    Int:  6    God:    Trog [*****.]
Gold:   1931       SH:  0    Dex: 13    Spells: 19/19 levels left

rFire   + + +      SeeInvis .    a - +4 battleaxe of Earthquakes {flame, +Blink rElec rPois Str-3}
rCold   . . .      Faith    .    (shield currently unavailable)
rNeg    . . .      Spirit   +    e - +8 plate armour
rPois   +          Reflect  .    l - +2 hat
rElec   +          Harm     .    Z - scarf {rC+ rF+}
rCorr   +          Rampage  .    Y - +2 pair of gloves
Will    +++..                    H - +1 pair of boots {Stlth+}
Stlth   +.........               G - amulet of guardian spirit
HPRegen 1.38/turn                z - ring of the Devil {Fire rCorr Str+4 Slay+2}
MPRegen 0.16/turn                Q - +4 ring of slaying

@: marked, strong-willed, frozen, on berserk cooldown, regenerating, slowed,
very slow
A: horns 2, retaliatory headbutt, fire resistance 1, frail 1
}: 2/15 runes: decaying, gossamer
a: Renounce Religion, Evoke Blink, Berserk, Trog's Hand, Brothers in Arms


You were on level 4 of the Vaults.
You worshipped Trog.
Trog was extremely pleased with you.
You visited 6 branches of the dungeon, and saw 34 of its levels.
You also visited: Sewer, Ossuary, Bailey and Ice Cave.

You collected 4490 gold pieces.
You spent 2559 gold pieces at shops.

Inventory:

Hand Weapons
 a - the +4 battleaxe of Earthquakes (weapon) {flame, +Blink rElec rPois Str-3}
   (Trog gifted it to you on level 2 of the Vaults)

   It burns those it strikes, dealing additional fire damage.
   Big, fiery blades are also staple armaments of hydra-hunters.
   Str:       It affects your strength (-3).
   rElec:     It insulates you from electricity.
   rPois:     It protects you from poison.
   +Blink:    It lets you blink.
 b - a +4 arbalest of freezing
   (You found it on level 2 of the Vaults)
 y - a +2 battleaxe of freezing
   (You took it off an orc warrior on level 8 of the Dungeon)
Missiles
 L - 6 boomerangs (quivered)
 R - 6 javelins
 W - 21 atropa-tipped darts
 X - 47 poisoned darts
Armour
 e - a +8 plate armour (worn)
   (You took it off an orc warrior on level 8 of the Dungeon)
 l - a +2 hat (worn)
   (You found it on level 4 of the Spider Nest)
 H - a +1 pair of boots of stealth (worn)
   (You found it in a bailey)
 Y - a +2 pair of gloves (worn)
   (You found it on level 14 of the Dungeon)
 Z - a scarf of resistance (worn)
   (You found it on level 4 of the Spider Nest)
Jewellery
 r - an amulet of the acrobat
   (You found it in an ice cave)
 v - a +6 ring of dexterity
   (You found it on level 2 of the Lair of Beasts)
 w - a ring of flight
   (You found it in an ice cave)
 z - the ring of the Devil (left hand) {Fire rCorr Str+4 Slay+2}
   (You bought it in a shop on level 9 of the Dungeon)

   [ring of fire]

   It enhances your fire magic.
   Str:       It affects your strength (+4).
   Slay:      It affects your accuracy & damage with ranged weapons and melee
   (+2).
   rF:        It protects you from fire.
   rC:        It makes you vulnerable to cold.
   rCorr:     It protects you from acid and corrosion.
 C - a ring of resist corrosion
   (You found it on level 5 of the Lair of Beasts)
 F - a ring of protection from fire
   (You found it in a sewer)
 G - an amulet of guardian spirit (around neck)
   (You found it on level 14 of the Dungeon)
 I - the ring of Ruamn {rPois rC+ rN+ Int-4}
   (You found it on level 4 of the Spider Nest)

   [ring of protection from cold]

   Int:       It affects your intelligence (-4).
   rC:        It protects you from cold.
   rPois:     It protects you from poison.
   rN:        It protects you from negative energy.
 N - a ring of positive energy
   (You found it on level 4 of the Spider Nest)
 P - a ring of poison resistance
   (You found it on level 8 of the Dungeon)
 Q - a +4 ring of slaying (right hand)
   (You found it on level 3 of the Vaults)
 S - a ring of see invisible
   (You found it in an ice cave)
 T - a +4 ring of protection
   (You took it off an orc on level 9 of the Dungeon)
Wands
 d - a wand of iceblast (33)
   (You found it on level 9 of the Dungeon)
 f - a wand of flame (4)
   (You found it on level 6 of the Dungeon)
 m - a wand of polymorph (13)
   (You took it off Robin on level 4 of the Dungeon)
 x - a wand of acid (12)
   (You found it on level 6 of the Dungeon)
 B - a wand of charming (10)
   (You found it on level 11 of the Dungeon)
 D - a wand of digging (4)
   (You took it off Ijyb on level 3 of the Dungeon)
 E - a wand of mindburst (18)
   (You bought it in a shop on level 2 of the Orcish Mines)
Scrolls
 c - 11 scrolls of fear
 i - a scroll of silence
 n - 2 scrolls of noise {!r}
 o - 6 scrolls of butterflies
 s - 4 scrolls of blinking
 t - 6 scrolls of teleportation {@r4}
 A - 4 scrolls of poison {!r}
 K - a scroll of summoning
 O - 3 scrolls of immolation {!r}
 U - 5 scrolls of magic mapping
Potions
 g - 6 potions of lignification {!q}
 h - a potion of resistance
 j - 3 potions of invisibility
 k - 12 potions of curing {@q1}
 p - 7 potions of heal wounds {@q2}
 q - 5 potions of attraction {!q}
 u - 5 potions of flight
 J - 2 potions of cancellation
 M - 4 potions of haste {@q3}
Miscellaneous
 V - a phantom mirror
   (You found it on level 9 of the Dungeon)


   Skills:
 + Level 19.6 Fighting
 + Level 20.8 Axes
 + Level 16.8 Ranged Weapons
 - Level 9.3 Throwing
 + Level 14.6 Armour
 - Level 13.0 Dodging
 - Level 10.8 Stealth
 - Level 12.2 Evocations


You had 19 spell levels left.
You didn't know any spells.
Your spell library was empty.

Dungeon Overview and Level Annotations

Branches:
Dungeon (15/15)            Temple (0/1) D:6            Lair (5/5) D:8
  Swamp (4/4) Lair:2       Spider (4/4) Lair:3        Slime (0/5) Lair:5
    Orc (2/2) D:12            Elf (0/3) Orc:2        Vaults (4/5) D:13
  Crypt (0/3) Vaults:3     Depths (0/4) D:15          Sewer (visited)
Ossuary (visited)          Bailey (visited)           IceCv (visited)

Altars:
Ashenzari
Dithmenos
Kikubaaqudgha
Trog
Vehumet
Yredelemnul
The Shining One
Jiyva

Shops:
D:6 [   D:9 =   D:12 (   Orc:1 *   Orc:2 [::*:   Vaults:1 [


Innate Abilities, Weirdness & Mutations

You have a pair of horns on your head.
You reflexively headbutt those who attack you in melee.
Your flesh is heat resistant. (rF+)
You are frail. (-10% HP)


Message History

You furiously retaliate!
You headbutt the ironbound frostheart!
Your skin crawls.
You feel strong-willed. The harpy closely misses you.
The harpy claws you but does no damage.
The ironbound frostheart barely misses you.
You furiously retaliate!
You headbutt the ironbound frostheart!
The great orb of eyes bites you but does no damage.
The harpy claws you but does no damage. x2
The great orb of eyes bites you but does no damage.
The vault warden is recalled.
The great orb of eyes is recalled.
The deep troll is recalled.
The vault guard is recalled.
The great orb of eyes is recalled.
The ironbound convoker is recalled.
The ironbound frostheart is recalled.
The harpy misses you. You furiously retaliate!
You headbutt the harpy! The harpy barely misses you.
The ironbound convoker gestures at the purple very ugly thing while chanting.
The purple very ugly thing seems to grow stronger.
A great orb of eyes comes into view.
The vault sentinel gestures at you while chanting.
You resist with some effort.
A great orb of eyes comes into view.
An ironbound frostheart comes into view.
A deep troll comes into view.
A vault warden comes into view. It is wielding a +3 vampiric battleaxe.
A vault guard comes into view.
It is wielding a +0 great sword of flaming.
The great orb of eyes barely misses you.
An ironbound convoker comes into view.
It is wielding a +0 great mace of venom.
The purple very ugly thing tail-slaps you.
* * * LOW HITPOINT WARNING * * *
The purple very ugly thing attacks as you move away!
The purple very ugly thing tail-slaps you but does no damage.
The harpy closely misses you. x2; The harpy claws you but does no damage.
The harpy closely misses you.
The ironbound frostheart calls freezing cold from the walls.
The frost grips you!!
* * * LOW HITPOINT WARNING * * *
You are encased in ice.
The vault warden hits you with a +3 vampiric battleaxe!
* * * LOW HITPOINT WARNING * * *
The vault sentinel casts a spell at you.
You resist with some effort.
You slice the great orb of eyes!! You burn the great orb of eyes.
You headbutt the great orb of eyes! You closely miss the vault sentinel.
You slash the vault warden! You burn the vault warden.
You slash the great orb of eyes! You burn the great orb of eyes.
The ironbound frostheart calls freezing cold from the walls.
The frost grips you!!!
* * * LOW MAGIC WARNING * * *
* * * LOW HITPOINT WARNING * * *
The vault sentinel hits you with a +0 morningstar.
You die...

**,,*,,*,*,,#..##*****,,*****####
**,*,*,,,*,#.## *,,,,,,,,,,*#...
*,***,,,,,*##.# *,,,,,,,,,,*#...
*,,*###+####..# *****,,*****#...
*,,,#..)..#.).# *,,* #...
*....#...#)...# *,,* #...
*#***##.####### *,,* #...
######'#############+#####*####
**#.............@pu.........,,,,,
,,#[..........TGpGp.........,,,,,
,,#.............H.pp........,,,,,
,,#...........)..G.)p.......,,,,,
,,#.................p.......,,,,,
,,+.............)).†........,,,,,
,,#########+##''##'#########*****
*** *,,,,,,,*#........#
*,,,,,,,*#........#


You could see a purple very ugly thing (strong), a vault warden, a vault guard,
3 great orbs of eyes, 2 ironbound frosthearts, a deep troll, a vault sentinel, 2
ironbound convokers and a harpy.

Vanquished Creatures
  2 tentacled monstrosities
  Kirke (Lair:2)
  A sphinx (Vaults:2)
  A thorn hunter (Lair:2)
  7 vault wardens
  Donald (Spider:1)
  A fenstrider witch (Swamp:4)
  An emperor scorpion (Spider:3)
  Aizul (Swamp:4)
  A deep elf sorcerer (Vaults:1)
  6 ghost moths
  9 ironbound preservers
  A ghost moth (shapeshifter) (D:15)
  2 war gargoyles (Vaults:3)
  A broodmother (Spider:1)
  4 ironbound thunderhulks
  9 very ugly things
  A deep elf demonologist (Vaults:2)
  5 bunyips
  9 entropy weavers
  12 dire elephants
  4 spark wasps
  6 eleionomae
  Azrael (D:15)
  2 ettins
  5 shambling mangroves
  A fire dragon (Lair:5)
  10 yaktaur captains
  3 great orbs of eyes
  14 ironbound frosthearts
  5 vault guards
  2 ice dragons
  2 catoblepae
  3 jorogumos
  A peacekeeper (Vaults:3)
  2 ghost crabs (Swamp:2)
  24 hydras
  3 ogre magi
  7 radroaches
  10 two-headed ogres
  7 centaur warriors
  3 tengu warriors (D:15)
  6 alligators
  13 boulder beetles
  The ghost of MudFish the Spear-Bearer, a novice MfGl of Dithmenos (D:9)
  13 death yaks
  An orc high priest (Orc:2)
  A shock serpent (shapeshifter) (Vaults:2)
  Nergalle (D:11)
  7 pharaoh ants
  8 goliath frogs
  A sea snake (shapeshifter) (Vaults:2)
  4 sun moths
  30 deep trolls
  An orb spider (shapeshifter) (Vaults:2)
  14 swamp dragons
  7 spriggan druids
  9 wizards
  11 orb spiders
  A bog body (Swamp:2)
  18 steelbarb worms
  A harpy (Vaults:2)
  4 deep elf pyromancers
  3 necromancers
  2 orc knights
  2 lindwurms
  14 ironbound convokers
  16 wolf spiders
  25 ugly things
  An orc sorcerer (D:15)
  A tengu skeleton (Vaults:3)
  5 cyclopes
  A manticore (D:13)
  A salamander (Vaults:3)
  8 will-o-the-wisps
  8 elephants
  A stone giant zombie (Vaults:3)
  4 moths of wrath
  2 ice statues (IceCv)
  11 black mambas
  3 molten gargoyles (Lair:5)
  8 torpor snails
  13 vault sentinels
  11 cane toads
  2 gargoyles
  11 demonic crawlers
  6 komodo dragons
  A titan simulacrum (Vaults:3)
  9 rime drakes
  30 yaktaurs
  2 ice devils (D:11)
  3 polar bears
  A polar bear (shapeshifter) (D:14)
  3 meliai
  19 tarantellas
  17 hornets
  A tarantella (shapeshifter) (D:13)
  18 trolls
  8 tyrant leeches
  23 slime creatures
  6 blink frogs
  40 jumping spiders
  The ghost of SirDiesAlot the Firebug, an amateur TeFE (D:6)
  6 centaur simulacra (D:11)
  A shadow (D:11)
  22 culicivoras
  18 spriggans
  7 wyverns
  64 yaks
  3 wraiths
  18 vampire mosquitoes
  Menkaure (D:6)
  A golden eye (shapeshifter) (D:14)
  2 fire elementals (D:15)
  3 steam dragons
  4 hogs (Lair:2)
  5 basilisks
  79 redbacks
  A warg (Orc:2)
  17 swamp worms
  13 water moccasins
  6 hell hounds
  3 acid dragons
  Duvessa (D:6)
  4 sky beasts
  7 swamp drakes
  19 orc warriors
  4 black bears
  4 ice beasts
  A meliai simulacrum (D:15)
  22 ogres
  9 centaurs
  9 wolves
  2 phantoms
  14 bullfrogs
  3 gnoll sergeants
  A necrophage (D:5)
  3 scorpions
  5 wights
  Dowan (D:6)
  2 lindwurm simulacra (IceCv)
  A howler monkey (D:4)
  5 lava snakes (Lair:5)
  7 electric eels
  A jelly (D:6)
  6 komodo dragon simulacra (IceCv)
  8 orc priests
  2 hounds (D:6)
  Ijyb (D:3)
  A human zombie (Ossuary)
  An iguana (D:6)
  17 orc wizards
  A hell rat (D:8)
  3 human simulacra
  5 mummies (Ossuary)
  Robin (D:4)
  20 gnolls
  6 acid dragon simulacra (IceCv)
  18 adders
  7 river rats
  2 white imps (D:11)
  An ufetubus (D:11)
  7 steam dragon simulacra (IceCv)
  A worm (D:2)
  A dart slug (D:2)
  64 orcs
  5 endoplasms
  A giant cockroach (D:2)
  A gnoll zombie (Ossuary)
  13 goblins
  7 hobgoblins
  2 quokkas
  12 ball pythons
  6 bats
  6 frilled lizards
  A goblin zombie (Ossuary)
  A hobgoblin zombie (Ossuary)
  8 kobolds
  A kobold zombie (Ossuary)
  3 orc zombies (Ossuary)
  27 rats
1350 creatures vanquished.

Vanquished Creatures (collateral kills)
  The ghost of Zicym the Severer, an adept MeFi of Ashenzari (Spider:4)
  A ghost moth (Spider:4)
  2 wolf spiders (Spider:4)
  A rime drake (Swamp:4)
5 creatures vanquished.

Vanquished Creatures (others)
  An ogre mage (Vaults:2)
  An ugly thing (D:14)
  2 bloated husks
  A spriggan (Swamp:3)
  A gnoll (D:7)
  An orc (Orc:2)
  14 foxfires
  20 fungi
  70 plants
111 creatures vanquished.

Grand Total: 1466 creatures vanquished

Notes
Turn   | Place    | Note
-------+----------+-------------------------------------------
     0 | D:1      | Pooter the Minotaur Berserker began the quest for the Orb.
     0 | D:1      | Reached XP level 1. HP: 19/19 MP: 0/0
   270 | D:1      | Reached skill level 4 in Axes
   393 | D:1      | Reached XP level 2. HP: 27/27 MP: 1/1
   878 | D:2      | Reached ** piety under Trog
   997 | D:2      | Reached XP level 3. HP: 32/33 MP: 2/2
  1083 | D:2      | Found an ancient bone altar of Kikubaaqudgha.
  1369 | D:2      | Identified the +7 short sword of Satyriasis {vorpal, rC+
                  | Str+5}
  1695 | D:3      | Reached skill level 5 in Axes
  1695 | D:3      | Reached XP level 4. HP: 36/41 MP: 3/3
  1706 | D:3      | Found a glowing drain.
  1723 | Sewer    | Entered a sewer
  1940 | Sewer    | Reached skill level 6 in Axes
  1983 | Sewer    | Reached XP level 5. HP: 32/47 MP: 4/4
  1987 | Sewer    | Reached skill level 5 in Fighting
  2320 | Sewer    | Reached *** piety under Trog
  2414 | Sewer    | Reached skill level 7 in Axes
  2414 | Sewer    | Reached XP level 6. HP: 35/56 MP: 5/5
  2892 | D:3      | Found a faded altar of an unknown god.
  2901 | D:3      | Noticed Ijyb
  2910 | D:3      | Killed Ijyb
  3501 | D:4      | Noticed Robin
  3507 | D:4      | Killed Robin
  3508 | D:4      | Reached skill level 8 in Axes
  3668 | D:4      | Reached skill level 1 in Ranged Weapons
  3668 | D:4      | Reached XP level 7. HP: 56/63 MP: 6/6
  3917 | D:4      | Noticed Sigmund
  3922 | D:4      | Noticed Sigmund
  3922 | D:4      | Sigmund changed into Sigmund the steam dragon
  3928 | D:4      | Killed Sigmund the steam dragon
  4292 | D:5      | Entered Level 5 of the Dungeon
  4381 | D:5      | Found a sand-covered staircase.
  4389 | Ossuary  | Entered an ossuary
  4542 | Ossuary  | Reached skill level 9 in Axes
  4652 | D:5      | Reached XP level 8. HP: 71/71 MP: 7/7
  5315 | D:6      | Reached skill level 5 in Ranged Weapons
  5373 | D:6      | Reached skill level 10 in Axes
  5468 | D:6      | Found a staircase to the Ecumenical Temple.
  5570 | D:6      | Found Hucoph's Armour Boutique.
  5600 | D:6      | Found a runed translucent gate.
  5601 | D:6      | Found a runed translucent gate.
  5602 | D:6      | Found a runed translucent gate.
  5604 | D:6      | Noticed SirDiesAlot's ghost (amateur TeFE)
  5604 | D:6      | Noticed Duvessa
  5607 | D:6      | Noticed Dowan
  5614 | D:6      | Killed Dowan
  5615 | D:6      | Killed Duvessa
  5615 | D:6      | Reached **** piety under Trog
  5779 | D:6      | Killed SirDiesAlot's ghost
  5780 | D:6      | Reached skill level 1 in Evocations
  5928 | D:6      | Noticed Menkaure
  5943 | D:6      | Killed Menkaure
  5944 | D:6      | Reached XP level 9. HP: 45/81 MP: 8/8
  6100 | D:6      | Found a broken altar of Ashenzari.
  6103 | D:6      | Found a radiant altar of Vehumet.
  7160 | D:7      | Reached skill level 11 in Axes
  7207 | D:7      | Identified the +1 ring mail "Inoderr" {+Blink Int+2}
  8206 | D:8      | Noticed a death yak
  8209 | D:8      | Noticed a death yak
  8555 | D:7      | Killed a death yak
  8771 | D:8      | Reached XP level 10. HP: 76/90 MP: 9/9
  8877 | D:8      | Found a staircase to the Lair.
  8911 | D:8      | Noticed a death yak
  8920 | D:8      | Killed a death yak
  8921 | D:8      | Reached skill level 12 in Axes
  8928 | D:8      | Killed a death yak
 10095 | D:9      | Noticed MudFish's ghost (novice MfGl)
 10095 | D:9      | Found a runed translucent door.
 10204 | D:9      | Found a bloodstained altar of Trog.
 10219 | D:9      | Noticed an elephant
 10231 | D:9      | Found Lyjeeblaat's Jewellery Boutique.
 10323 | D:9      | Reached skill level 13 in Axes
 10328 | D:9      | Found a flagged portal.
 10352 | D:9      | Killed an elephant
 10368 | Bailey   | Entered a bailey
 11068 | Bailey   | Reached skill level 10 in Ranged Weapons
 11068 | Bailey   | Reached XP level 11. HP: 89/99 MP: 10/10
 11081 | Bailey   | Noticed an orc knight
 11105 | Bailey   | Reached skill level 10 in Fighting
 11335 | Bailey   | Killed an orc knight
 11793 | D:9      | Identified the +8 spear of Karma {flame, Int+4 SInv Stlth+}
 11894 | D:9      | Reached skill level 5 in Evocations
 12332 | D:10     | Entered Level 10 of the Dungeon
 12613 | D:10     | Reached skill level 14 in Axes
 13319 | Lair:1   | Entered Level 1 of the Lair of Beasts
 14180 | Lair:1   | Reached XP level 12. HP: 60/110 MP: 11/11
 14442 | Lair:1   | Reached skill level 15 in Axes
 14949 | Lair:2   | Found a staircase to the Swamp.
 15180 | Lair:2   | Noticed a four-headed hydra
 15186 | Lair:2   | Killed a four-headed hydra
 15231 | Lair:2   | Upgraded the game from 0.30-a0-58-gc0703345a7 to
                  | 0.29.1-debian-1-gc3f1650bb9
 16847 | Lair:3   | Found a hole to the Spider Nest.
 18315 | Lair:4   | Noticed a five-headed hydra
 18323 | Lair:4   | Killed a seven-headed hydra
 18324 | Lair:4   | Reached skill level 16 in Axes
 18531 | Lair:4   | Noticed a death yak
 18533 | Lair:4   | Noticed a death yak
 18536 | Lair:4   | Noticed a death yak
 18539 | Lair:4   | Noticed a death yak
 18540 | Lair:4   | Noticed a death yak
 18542 | Lair:4   | Killed a death yak
 18547 | Lair:4   | Killed a death yak
 18552 | Lair:4   | Killed a death yak
 18558 | Lair:4   | Killed a death yak
 18563 | Lair:4   | Killed a death yak
 18958 | Lair:4   | Reached XP level 13. HP: 114/118 MP: 12/12
 19664 | Lair:5   | Entered Level 5 of the Lair of Beasts
 20281 | Lair:5   | Reached skill level 17 in Axes
 21220 | Lair:5   | Found a staircase to the Slime Pits.
 21220 | Lair:5   | Found a viscous altar of Jiyva.
 22905 | Lair:5   | Found a large runed translucent door.
 23097 | Lair:5   | Found a large runed translucent door.
 23585 | Lair:5   | Noticed a fire dragon
 23601 | Lair:5   | Killed a fire dragon
 24286 | D:11     | Identified the +5 ring mail of the Nexus {rF+}
 24470 | D:11     | Gained mutation: You are frail. (-10% HP) [potion of
                  | mutation]
 24470 | D:11     | Gained mutation: You expend magic power (3 MP) to
                  | strengthen your wands. [potion of mutation]
 24471 | D:11     | Lost mutation: You are frail. (-10% HP) [potion of
                  | mutation]
 24471 | D:11     | Lost mutation: You expend magic power (3 MP) to strengthen
                  | your wands. [potion of mutation]
 24471 | D:11     | Gained mutation: You occasionally shout uncontrollably at
                  | your foes. [potion of mutation]
 24471 | D:11     | Gained mutation: You are agile. (Dex +4, Str/Int -1)
                  | [potion of mutation]
 24472 | D:11     | Lost mutation: You occasionally shout uncontrollably at
                  | your foes. [potion of mutation]
 24472 | D:11     | Lost mutation: You are agile. (Dex +4, Str/Int -1) [potion
                  | of mutation]
 24472 | D:11     | Gained mutation: You occasionally shout uncontrollably at
                  | your foes. [potion of mutation]
 24472 | D:11     | Gained mutation: You have large cloven feet. [potion of
                  | mutation]
 24476 | D:11     | Found a frozen archway.
 24484 | D:11     | Reached skill level 15 in Ranged Weapons
 24494 | D:11     | Reached XP level 14. HP: 113/129 MP: 13/13
 24530 | IceCv    | Entered an ice cave
 24979 | IceCv    | Reached skill level 18 in Axes
 25972 | D:9      | Bought the ring of the Devil {Fire rCorr Str+4 Slay+2} for
                  | 870 gold pieces
 26866 | D:11     | Noticed Nergalle
 26876 | D:11     | Killed Nergalle
 27180 | D:12     | Found Pionuz's Weapon Shoppe.
 27181 | D:12     | Found a staircase to the Orcish Mines.
 27432 | D:12     | Lost mutation: You have large cloven feet. [potion of
                  | mutation]
 27432 | D:12     | Lost mutation: You occasionally shout uncontrollably at
                  | your foes. [potion of mutation]
 27432 | D:12     | Gained mutation: You are strong-willed. (Will+) [potion of
                  | mutation]
 27432 | D:12     | Gained mutation: You occasionally shout uncontrollably at
                  | your foes. [potion of mutation]
 27432 | D:12     | Gained mutation: You are somewhat resistant to further
                  | mutation. [potion of mutation]
 27448 | Orc:1    | Entered Level 1 of the Orcish Mines
 27452 | Orc:1    | Found Lovuorac's General Store.
 27457 | Orc:1    | Bought a scroll of identify for 28 gold pieces
 27457 | Orc:1    | Bought a scroll of enchant weapon for 105 gold pieces
 27457 | Orc:1    | Bought a wand of acid (7) for 411 gold pieces
 27457 | Orc:1    | Bought a scroll of teleportation for 42 gold pieces
 27565 | Orc:2    | Entered Level 2 of the Orcish Mines
 29199 | Orc:2    | Reached skill level 19 in Axes
 33208 | Orc:2    | Found a staircase to the Elven Halls.
 33215 | Orc:2    | Found Lir Ujeb's Book Shoppe.
 33218 | Orc:2    | Found Eropal's General Store.
 33225 | Orc:2    | Found Difin's Armour Emporium.
 33226 | Orc:2    | Found Ezepp's Book Shoppe.
 33228 | Orc:2    | Bought a scroll of identify for 28 gold pieces
 33228 | Orc:2    | Bought a wand of mindburst (2) for 39 gold pieces
 33332 | Orc:2    | Found Axunir's Self-Improvement Boutique.
 34450 | D:12     | Found a glowing golden altar of the Shining One.
 34731 | Orc:2    | Bought the +9 shortbow "Gakkimotu" {vorpal, rF+ Int+3 SInv}
                  | for 1036 gold pieces
 34884 | D:13     | Reached XP level 15. HP: 126/138 MP: 14/14
 35272 | D:13     | Identified the +10 dagger "Dockium" {vorpal, rCorr}
 35324 | D:13     | You fall into a shaft and drop 1 floor!
 35504 | D:13     | Found a gate to the Vaults.
 35511 | D:13     | Reached skill level 1 in Throwing
 35511 | D:13     | Reached skill level 1 in Stealth
 37284 | D:15     | Entered Level 15 of the Dungeon
 37856 | D:15     | Noticed Azrael
 37876 | D:15     | Killed Azrael
 38099 | D:15     | Found a shadowy altar of Dithmenos.
 38461 | D:15     | Found a staircase to the Depths.
 38469 | D:15     | Reached skill level 20 in Axes
 38510 | D:15     | Reached skill level 10 in Evocations
 39037 | D:9      | Killed MudFish's ghost
 39217 | Spider:1 | Entered Level 1 of the Spider Nest
 39235 | Lair:3   | Reached skill level 5 in Armour
 39814 | Spider:1 | HP: 4/139 [redback (12)]
 39814 | Spider:1 | HP: 1/139 [redback (3)]
 40299 | Spider:1 | Reached XP level 16. HP: 138/147 MP: 15/15
 40329 | Spider:1 | Reached skill level 5 in Dodging
 40609 | Spider:1 | Reached skill level 15 in Fighting
 40618 | Spider:1 | Noticed Donald
 41232 | Spider:1 | Upgraded the game from 0.29.1-debian-1-gc3f1650bb9 to
                  | 0.30-a0-118-ga018f8e90f
 41338 | Spider:1 | Killed Donald
 43900 | Spider:2 | Reached skill level 5 in Throwing
 45068 | Spider:2 | Reached ***** piety under Trog
 48016 | Spider:2 | Reached skill level 5 in Stealth
 51490 | Spider:3 | Reached XP level 17. HP: 111/158 MP: 16/16
 51893 | Spider:4 | Entered Level 4 of the Spider Nest
 56383 | Spider:4 | Identified the +1 scale mail "Pagaek" {Int+4}
 58563 | Spider:4 | Lost mutation: You occasionally shout uncontrollably at
                  | your foes. [potion of mutation]
 58563 | Spider:4 | Lost mutation: You are somewhat resistant to further
                  | mutation. [potion of mutation]
 58563 | Spider:4 | Lost mutation: You are strong-willed. (Will+) [potion of
                  | mutation]
 58563 | Spider:4 | Gained mutation: You have large cloven feet. [potion of
                  | mutation]
 58563 | Spider:4 | Gained mutation: You passively map a small area around you.
                  | [potion of mutation]
 58680 | Spider:4 | Found a runed translucent gate.
 58681 | Spider:4 | Found a runed translucent gate.
 58682 | Spider:4 | Found a runed translucent gate.
 58682 | Spider:4 | Noticed Zicym's ghost (adept MeFi)
 58691 | Spider:4 | Identified the ring of Ruamn {rPois rC+ rN+ Int-4}
 58822 | Spider:4 | Got a gossamer rune of Zot
 59164 | Spider:4 | Lost mutation: You have large cloven feet. [potion of
                  | mutation]
 59164 | Spider:4 | Lost mutation: You passively map a small area around you.
                  | [potion of mutation]
 59164 | Spider:4 | Gained mutation: You have hidden genetic defects. [potion
                  | of mutation]
 59164 | Spider:4 | Gained mutation: You are clumsy. (Dex -2) [potion of
                  | mutation]
 59164 | Spider:4 | Gained mutation: Your spells are a little harder to cast,
                  | but a little more powerful. [potion of mutation]
 59288 | Spider:4 | Killed Zicym's ghost
 59289 | Spider:4 | Reached skill level 10 in Armour
 59341 | Spider:4 | Identified the +0 cloak of the Mantidfly {rPois Will- rCorr
                  | Int+5}
 59528 | Swamp:1  | Entered Level 1 of the Swamp
 59535 | Swamp:1  | Noticed a tentacled monstrosity
 59539 | Swamp:1  | Noticed Kirke
 59559 | Lair:2   | Killed a tentacled monstrosity
 59895 | Lair:2   | Killed Kirke
 59973 | Lair:2   | Gained mutation: Your body sometimes deteriorates upon
                  | taking damage. [hidden defects]
 60957 | Swamp:1  | You fall into a shaft and drop 1 floor!
 61652 | Swamp:1  | Identified the -2 pair of gloves of Kikubaaqudgha, Cursing
                  | {rC- rN+ SInv}
 61659 | Swamp:1  | Identified the +8 hand axe of Okhenk {vorpal, *Noise +Blink
                  | rCorr SInv}
 61692 | Swamp:1  | Identified the +1 leather armour of Ennotzes {rCorr}
 61747 | Swamp:2  | Reached XP level 18. HP: 167/169 MP: 17/17
 61825 | Swamp:2  | Gained mutation: You are very clumsy. (Dex -4) [hidden
                  | defects]
 61825 | Swamp:2  | Lost mutation: You have hidden genetic defects. [hidden
                  | defects expressed]
 62861 | Swamp:2  | Reached skill level 10 in Dodging
 67475 | Swamp:4  | Entered Level 4 of the Swamp
 67524 | Swamp:4  | Noticed a tentacled monstrosity
 67538 | Swamp:4  | Killed a tentacled monstrosity
 69781 | Swamp:4  | Noticed Aizul
 69798 | Swamp:4  | Killed Aizul
 73569 | Swamp:4  | Got a decaying rune of Zot
 74309 | Vaults:1 | Entered Level 1 of the Vaults
 74967 | Vaults:1 | Lost mutation: Your spells are a little harder to cast, but
                  | a little more powerful. [potion of mutation]
 74967 | Vaults:1 | Lost mutation: You are very clumsy. (Dex -4) [potion of
                  | mutation]
 74967 | Vaults:1 | Gained mutation: You are strong-willed. (Will+) [potion of
                  | mutation]
 75095 | Vaults:1 | Found Weroc's Armour Shoppe.
 75264 | Vaults:1 | Lost mutation: Your body sometimes deteriorates upon taking
                  | damage. [potion of mutation]
 75264 | Vaults:1 | Lost mutation: You are strong-willed. (Will+) [potion of
                  | mutation]
 75264 | Vaults:1 | Lost mutation: You are clumsy. (Dex -2) [potion of
                  | mutation]
 75264 | Vaults:1 | Gained mutation: You are frail. (-10% HP) [potion of
                  | mutation]
 75264 | Vaults:1 | Gained mutation: Your flesh is heat resistant. (rF+)
                  | [potion of mutation]
 76083 | Vaults:1 | Reached XP level 19. HP: 161/161 MP: 18/18
 77936 | Vaults:2 | Reached skill level 10 in Stealth
 78137 | Vaults:2 | Identified the +4 battleaxe of Earthquakes {flame, +Blink
                  | rElec rPois Str-3} (Trog gifted it to you on level 2 of the
                  | Vaults)
 78137 | Vaults:2 | Received a gift from Trog
 78608 | Vaults:2 | You fall into a shaft and drop 2 floors!
 80977 | Vaults:3 | Found a staircase to the Crypt.
 80977 | Vaults:3 | Found a basalt altar of Yredelemnul.
 80978 | Vaults:3 | Found an ancient bone altar of Kikubaaqudgha.
 81024 | Vaults:3 | Reached XP level 20. HP: 157/171 MP: 19/19
 82476 | Vaults:4 | HP: 1/173 [ironbound frostheart/creeping frost (38)]
 82476 | Vaults:4 | Slain by a vault sentinel

Illustrated notes

Levels and vault maps discovered:
D:1:      dpeg_arrival_rooms_a, layout_loops_cross, feat_on_display
D:2:      layout_loops_corners, basic_altar
D:3:      layout_basic, chequers_ecumenical_altar_simple,
          cheibrodos_sewer_entry_sluice, uniq_ijyb
D:4:      layout_cave_pods, uniq_robin, uniq_sigmund
D:5:      layout_basic, nicolae_ossuary_entry_ruins
D:6:      layout_basic, nicolae_overflow_squiral, minmay_temple_entry_glass,
          serial_shops, nicolae_shop_temple_entry_statues_fountains,
          ebering_ghost_rock_garden, uniq_menkaure, uniq_duvessa
D:7:      layout_rooms, grunt_ministairs_15
D:8:      layout_loops_ring, dpeg_lair_monsters
D:9:      wad_woods_tower, layout_irregular_city, lemuel_crystal_altar,
          enter_bailey_6, serial_shops, nicolae_stop_n_shop_1,
          ebering_ghost_funeral_grove
D:10:     layout_basic
D:11:     layout_basic, serial_ice, serial_ice_k, serial_ice_g, serial_ice_n,
          serial_ice_b, serial_ice_d, serial_ice_a, serial_ice_e, serial_ice_c,
          serial_ice_h, serial_ice_f, portal_ice_cave_demonic_guard,
          uniq_nergalle
D:12:     layout_basic, orc_david_3, tso_altar
D:13:     layout_gridville, lightli_vaults_fourway_checkpoint, bh_circular_ruins
D:14:     layout_loops_ring, minmay_misc_feat_rugged
D:15:     hangedman_depths_entry_civil_slaughter, layout_loops_ring,
          nicolae_water_bricks, nicolae_dithmenos_shadow_blocks, uniq_azrael
Lair:1:   layout_cave_pods
Lair:2:   layout_layer_cave, minmay_swamp_entry_worms, serial_bayou_shore_b
Lair:3:   layout_roguey, spider_nest_entry_a, lemuel_another_geyser,
          grunt_megastairs_2
Lair:4:   layout_big_grid, st_stairs_9
Lair:5:   cheibrodos_lair_end_hotspot, layout_gridlike, slime_entry_1,
          lookout_lair_type
Swamp:1:  layout_falls_marsh, nicolae_swamp_orc_logging_accident, uniq_kirke
Swamp:2:  layout_falls_marsh, evilmike_swamp_ruin_house_1, swamp_pool1
Swamp:3:  nicolae_swamp_ascending_descending_big, layout_basic_swamp,
          evilmike_swamp_ruin_rubble_2, swamp_pool1
Swamp:4:  swamp_alternative, layout_basic_swamp, infiniplex_staircase_pool,
          uniq_aizul
Spider:1: layout_spider_delve, nicolae_spider_shape, uniq_donald
Spider:2: layout_spider_delve, guppyfry_spider_mini_1
Spider:3: layout_cave_pods, drop_trap, hangedman_spider_tarantella_strand
Spider:4: hellmonk_spider_rune_bug_friends, gammafunk_ghost_tricky_traps,
          hellmonk_test_site
Orc:1:    layout_diamond_mine, serial_shops, shop_statue
Orc:2:    st_orc_open, layout_caves, special_room, nicolae_shop_self_help
Vaults:1: v_misc_26, ontoclasm_vaults_chip, nicolae_vaults_what_the_h,
          nicolae_vaults_alarming, nicolae_vaults_asterisk,
          vaults_room_ringed_pool, nicolae_vaults_network_square,
          layout_vaults_omnigrid, serial_shops, nicolae_shop_trees
Vaults:2: v_misc_28, nicolae_vaults_little_squares_2,
          nicolae_vaults_little_squares_4, st_octagons_1, v_rooms_6,
          nicolae_vaults_network_periphery, vaults_room_door_hall, v_misc_10,
          dpeg_vaults_monster_box, nicolae_vaults_specimen_jars,
          layout_vaults_omnicross
Vaults:3: minmay_crypt_entry_necro_gods, v_alt_pattern_3,
          ontoclasm_vaults_gateway, nicolae_vaults_an_arrangement,
          hangedman_vaults_stitches, hangedman_vaults_hat,
          hangedman_vaults_corner, ontoclasm_vaults_decontamination,
          grunt_vaults_swirl, v_misc_29, vaults_room_stairs_pillars,
          nicolae_vaults_network_quinsquares
          [nicolae_vaults_network_quincunx_subvault,
          nicolae_vaults_network_quincunx_subvault,
          nicolae_vaults_network_quincunx_subvault,
          nicolae_vaults_network_quincunx_subvault],
          nicolae_vaults_little_squares_2, nicolae_vaults_diagonal_hallway_9,
          nicolae_vaults_back_hallway, layout_vaults_maze_snakey
Vaults:4: nicolae_vaults_triangles, vaults_dpeg_cross, v_misc_11, v_misc_10,
          ontoclasm_vaults_idyll, vaults_room_fancy_cross,
          vaults_room_fancy_cross, grunt_vaults_diagonal,
          grunt_vaults_hallway_short, ontoclasm_vaults_misaligned,
          ontoclasm_vaults_ring_square, v_misc_2, ontoclasm_vaults_hangar,
          hangedman_vaults_restitches, layout_vaults_omnibox

Skill      XL: |  1  2  3  4  5  6  7  8  9 10 11 12 13 14 15 16 17 18 19 20 |
---------------+-------------------------------------------------------------+-----
Axes           | 4 5 6 7 8 9 10 11 13 14 16 17 19 20 | 20.8
Fighting       | 4 5 6 7 8 9 11 12 13 14 16 17 18 19 | 19.6
Ranged Weapons | 1 3 6 8 10 11 13 15 16 | 16.8
Evocations     | 1 3 4 6 7 8 9 10 11 12 | 12.2
Throwing       | 3 6 8 9 |  9.3
Armour         | 5 8 10 12 14 | 14.6
Stealth        | 3 5 7 9 10 | 10.8
Dodging        | 4 7 9 11 12 13 | 13.0

Action                   |  1- 3 |  4- 6 |  7- 9 | 10-12 | 13-15 | 16-18 | 19-21 || total
-------------------------+-------+-------+-------+-------+-------+-------+-------++-------
Melee: Short sword       |    45 |       |       |       |       |       |       ||    45
       Hand axe          |     5 |       |       |       |       |       |       ||     5
       Headbutt          |    11 |     5 |    40 |    77 |   155 |   247 |   132 ||   667
       Punch             |     1 |     1 |     1 |     1 |       |       |       ||     4
       War axe           |     2 |   101 |   237 |    52 |       |       |       ||   392
       Battleaxe         |       |       |       |   334 |   642 |   986 |   421 ||  2383
       Trident           |       |       |       |     2 |       |       |       ||     2
 Fire: Sling             |       |     7 |    59 |       |       |       |       ||    66
       Shortbow          |       |       |       |   231 |   554 |   556 |       ||  1341
       Arbalest          |       |       |       |       |       |       |    83 ||    83
Throw: Stone             |       |       |     8 |       |       |       |       ||     8
       Throwing net      |       |       |     1 |       |       |       |       ||     1
       Dart              |       |       |     1 |       |     2 |       |       ||     3
       Boomerang         |       |       |       |       |    34 |    40 |     4 ||    78
Invok: Trog's Hand       |     1 |     2 |     4 |    22 |    45 |    27 |    19 ||   120
       Berserk           |       |     4 |    12 |    21 |    32 |    49 |    11 ||   129
       Brothers in Arms  |       |       |       |       |       |     1 |       ||     1
 Abil: Evoke Blink       |       |       |       |       |       |       |     1 ||     1
Evoke: Wand              |       |       |    11 |     9 |    29 |    62 |    10 ||   121
       Phantom mirror    |       |       |       |       |       |     1 |       ||     1
  Use: Scroll            |       |     7 |     8 |    14 |    15 |    19 |     5 ||    68
       Potion            |       |       |     2 |     1 |    14 |    17 |     6 ||    40
 Stab: Petrified         |       |       |       |       |     5 |       |       ||     5
       Invisible         |       |       |       |       |       |    12 |       ||    12
       Confused          |       |       |       |       |       |     1 |       ||     1
       Distracted        |       |       |       |       |       |       |     1 ||     1
Armor: Animal skin       |     7 |    17 |       |       |       |       |       ||    24
       Scale mail        |       |    19 |    63 |       |       |       |       ||    82
       Ring mail         |       |       |    12 |       |       |       |       ||    12
       Plate armour      |       |       |       |   262 |   412 |   915 |   274 ||  1863
       Skin              |       |       |       |    33 |       |       |       ||    33
       Chain mail        |       |       |       |    22 |       |       |       ||    22
Dodge: Dodged            |    38 |    94 |    88 |   137 |   280 |   648 |   219 ||  1504

Table legend: (Time is in decaauts)
 A = Elapsed time spent in this place.
 B = Non-inter-level travel time spent in this place.
 C = Inter-level travel time spent in this place.
 D = Time resting spent in this place.
 E = Time spent auto-exploring this place.
 F = Levels seen in this place.
 G = Mean time per level.
                   A        B        C        D        E       F      G
               +--------+--------+--------+--------+--------+-----+--------+
         Total |  83438 |  81378 |   2060 |  46787 |  24225 |  38 | 2195.7 |
       Dungeon |  19032 |  18134 |    898 |   4868 |  10212 |  15 | 1268.8 |
          Lair |  12081 |  11643 |    438 |   5413 |   4982 |   5 | 2416.2 |
         Swamp |  14004 |  13883 |    121 |  10238 |   2336 |   4 | 3501.0 |
   Spider Nest |  20287 |  20075 |    212 |  15940 |   2326 |   4 | 5071.8 |
  Orcish Mines |   6450 |   6265 |    185 |   5084 |    394 |   2 | 3225.0 |
        Vaults |   7826 |   7622 |    204 |   3162 |   3200 |   4 | 1956.5 |
         Sewer |   1005 |   1005 |      0 |    242 |    596 |   1 | 1005.0 |
       Ossuary |    255 |    255 |      0 |     33 |      0 |   1 |  255.0 |
        Bailey |   1136 |   1136 |      0 |    748 |    130 |   1 | 1136.0 |
      Ice Cave |   1358 |   1358 |      0 |   1056 |     47 |   1 | 1358.0 |
               +--------+--------+--------+--------+--------+-----+--------+

Top non-repeatable levels by time:
Spider:3: 6508 daAuts
Spider:2: 6338 daAuts
   Orc:2: 5944 daAuts
 Swamp:4: 5566 daAuts
 Swamp:3: 4896 daAuts
  Lair:5: 4336 daAuts
Spider:4: 3919 daAuts
Vaults:2: 3559 daAuts
Spider:1: 3521 daAuts
 Swamp:2: 2683 daAuts
  Lair:2: 2605 daAuts
Vaults:3: 2368 daAuts
  Lair:3: 1959 daAuts
     D:8: 1804 daAuts
     D:6: 1803 daAuts
